 Dungeon Crawl Stone Soup version 0.24-a0-458-gfcb5e6da0e (webtiles) character file.

Game seed: 8766397320973580714

42 Klosterheim the Conjurer (level 3, -1/29 HPs)
             Began as a Draconian Conjurer on June 26, 2019.
             Slain by a gnoll
             ... wielding a +0 spear
              (4 damage)
             ... on level 1 of the Dungeon.
             The game lasted 00:02:34 (1192 turns).

Klosterheim the Conjurer (Draconian Conjurer)       Turns: 1192, Time: 00:02:35

Health: -1/29      AC:  5    Str: 10    XL:     3   Next: 35%
Magic:  0/6        EV: 12    Int: 16    God:
Gold:   12         SH:  0    Dex: 11    Spells: 5/6 levels left

rFire    . . .     SeeInvis .   a - +0 hand axe (freeze)
rCold    . . .     Gourm    .   (no shield)
rNeg     . . .     Faith    .   (armour unavailable)
rPois    .         Spirit   .   (helmet restricted)
rElec    .         Reflect  .   (no cloak)
rCorr    .         Harm     .   (no gloves)
MR       .....                  (no boots)
Stlth    ++........             (no amulet)
HPRegen  0.09/turn              (no ring)
MPRegen  0.10/turn              (no ring)

@: no status effects
A: unfitting armour, cold-blooded, AC +5
a: no special abilities


You were on level 1 of the Dungeon.
You were not hungry.

You visited 1 branch of the dungeon, and saw 1 of its levels.

You collected 12 gold pieces.

Inventory:

Hand Weapons
 a - a +0 hand axe of freezing (weapon)
Jewellery
 g - an uncursed ring of magical power {unknown}
 i - a +2 ring of slaying {unknown}
Scrolls
 d - 2 scrolls of remove curse {unknown}
 f - 3 scrolls of identify {unknown}
 h - a scroll of immolation {unknown}
Potions
 e - a potion of haste {unknown}
Comestibles
 b - 4 rations
 c - 2 chunks of flesh


   Skills:
 * Level 1.7 Fighting
 + Level 2.1 Dodging
 - Level 2.0 Stealth
 + Level 2.2 Spellcasting
 * Level 4.4 Conjurations


You had 5 spell levels left.
You knew the following spells:

 Your Spells              Type           Power        Failure   Level  Hunger
a - Magic Dart            Conj           ###.         3%          1    #......

Your spell library contained the following spells:

 Spells                   Type           Power        Failure   Level  Hunger
 Searing Ray              Conj           ###...       4%          2    ###....
 Dazzling Spray           Conj/Hex       #.....       24%         3    ###....
 Iskenderun's Mystic Bla  Conj           ###.....     32%         4    #####..
 Force Lance              Conj/Tloc      #.......     63%         4    #####..
 Fulminant Prism          Conj/Hex       #.........   63%         4    #####..


Dungeon Overview and Level Annotations

Branches:
Dungeon (1/15)

Altars:


Innate Abilities, Weirdness & Mutations

Your plain brown scales are hard. (AC +5)
You cannot fit into any form of body armour.
You are cold-blooded and may be slowed by cold attacks.


Message History

Casting: Magic Dart (safe; 3% risk of failure)
Confirm with . or Enter, or press ? or * to list all spells.
Aiming: Magic Dart (safe; 3% risk of failure)
Press: ? - help, Shift-Dir - straight line, f/p - gnoll
Aim: a gnoll, wielding a +0 spear (almost dead)
The magic dart hits the gnoll.
The gnoll is almost dead.
The gnoll barely misses you.
You open the door.
The gnoll hits you from afar with a +0 spear.
* * * LOW HITPOINT WARNING * * *
Your magical contamination has completely faded away.
There is an open door here.
You close the door.
A gnoll opens the door.
As you close the door, it creaks loudly!
A gnoll opens the door.
You close the door.
A gnoll opens the door.
You close the door.
A gnoll opens the door.
The gnoll hits you from afar with a +0 spear.
You die...

## #. ######.........# # #.
......g.##.###.# #####
.########.##.###.# ....# ..#
#........# .##.# #.# ###...####
.##.# #.## ##.....## .##.# #..##
##.......##
.##.#######...####g........####..
................@'.........'.....
รท.#########...####....^....####..
#.# ##.## ##.......## #.# #.#
##......#####.. #.# #.#
##...........# #.# ###.###
##+#..#####.# #.# #.....# #.#.)#
#.# #.#.#.# ###.#..# #.# #.#.#.#
##.#.##.# )#


You could see a gnoll.

Vanquished Creatures
  An ooze (D:1)
  2 dart slugs (D:1)
  A leopard gecko (D:1)
  3 giant cockroaches (D:1)
  4 goblins (D:1)
  5 hobgoblins (D:1)
  4 jackals (D:1)
  5 bats (D:1)
  A frilled lizard (D:1)
  2 kobolds (D:1)
  2 rats (D:1)
30 creatures vanquished.

Notes
Turn   | Place    | Note
-------+----------+-------------------------------------------
     0 | D:1      | Klosterheim the Draconian Conjurer began the quest for the
                  | Orb.
     0 | D:1      | Reached XP level 1. HP: 14/14 MP: 3/3
   359 | D:1      | Reached XP level 2. HP: 22/22 MP: 1/5
   447 | D:1      | Reached skill level 1 in Fighting
   588 | D:1      | Reached XP level 3. HP: 28/28 MP: 0/6
  1192 | D:1      | Slain by a gnoll

Levels and vault maps discovered:
D:1:      minmay_arrival_five_plusses, layout_loops_corners,
          minmay_split_cup_small

Skill      XL: |  1  2 |
---------------+-------+-----
Fighting       | 1 |  1.7
Stealth        | 2 |  2.0
Dodging        | 2 |  2.1
Spellcasting   | |  2.2
Conjurations   | |  4.4

Action                   || total
-------------------------++-------
Melee: Hand axe          ||    47
       Tailslap          ||     2
 Cast: Magic Dart        ||    37
 Stab: Sleeping          ||     2
  Eat: Chunk             ||     1
Armor: Skin              ||    34
Dodge: Dodged            ||    46

Table legend:
 A = Non-vault XP
 B = Vault XP
 C = Vault XP percentage of total XP
 D = Non-vault monster count
 E = Vault monster count
 F = Vault count percentage of total count
                 A         B        C        D         E       F
            +---------+---------+-------+---------+---------+-------
      Total |      61 |       0 |   0.0 |      30 |       0 |   0.0
            +---------+---------+-------+---------+---------+-------
        D:1 |      61 |       0 |   0.0 |      30 |       0 |   0.0
            +---------+---------+-------+---------+---------+-------
